 Dungeon Sprint DCSS version 0.25-a0-100-g33052ce (webtiles) character file.

Game seed: 13346269335498817900, levelgen mode: deterministic

3 schets the Ducker (level 1, -3/10 HPs)
             Began as a Felid Monk on Nov 15, 2019.
             Was a Believer of Fedhas.
             Slain by an ufetubus (5 damage)
             ... in the Dungeon (Sprint VII: "The Pits").
             The game lasted 00:00:48 (86 turns).

schets the Ducker (Felid Monk)                        Turns: 86, Time: 00:00:49

Health: -3/10      AC:  1    Str:  7    XL:     1   Next: 41%
Magic:  2/2        EV: 20    Int: 11    God:    Fedhas [**....]
Gold:   0          SH:  0    Dex: 18    Spells: 0/0 levels left
                                        Lives:  0   Deaths: 0

rFire    . . .     SeeInvis +     - Unarmed
rCold    . . .     Gourm    .   (shield unavailable)
rNeg     . . .     Faith    .   (armour unavailable)
rPois    .         Spirit   .   (helmet unavailable)
rElec    .         Reflect  .   (cloak unavailable)
rCorr    .         Harm     .   (gloves unavailable)
MR       .....     NoTele   +   (boots unavailable)
Stlth    +++.......             (no amulet)
HPRegen  0.03/turn              (no ring)
MPRegen  0.08/turn              (no ring)

@: quick
A: very small, no armour, no weapons or thrown items, stealth, claws 1, fangs 3,
see invisible, carnivore, speed 1, shaggy fur 1, slow metabolism 1, sharp paws
a: Wall of Briars, Renounce Religion


You were in the Dungeon.
You worshipped Fedhas.
Fedhas was pleased with you.
You were not hungry.

You visited 1 branch

Inventory:

Scrolls
 g - a scroll of blinking
 i - 3 scrolls of remove curse
 j - 5 scrolls of amnesia
 k - a scroll of summoning
Potions
 b - a potion of curing
 c - a potion of heal wounds
 d - a potion of haste
 e - 4 potions of magic
 f - 3 potions of berserk rage
 h - 2 potions of invisibility
Comestibles
 a - 9 rations
 l - a chunk of flesh


   Skills:
 + Level 3.3 Fighting
 + Level 4.3 Dodging
 + Level 3.2 Stealth
 + Level 3.2 Unarmed Combat
 * Level 1.1 Invocations


You couldn't memorise any spells.
You didn't know any spells.
Your spell library was empty.

Dungeon Overview and Level Annotations

Branches:
Dungeon (1/1)

Altars:
Ashenzari
Cheibriados
Dithmenos
Elyvilon
Fedhas
Gozag
Hepliaklqana
Kikubaaqudgha
Makhleb
Nemelex Xobeh
Okawaru
Qazlal
Ru
Sif Muna
Trog
Uskayaw
Vehumet
Wu Jian
Xom
Yredelemnul
Zin
The Shining One
Beogh
Jiyva
Lugonu


Innate Abilities, Weirdness & Mutations

You cannot wear armour.
You are incapable of wielding weapons or throwing items.
Your paws allow you to move quietly. (Stealth)
You have sharp claws.
You have razor-sharp teeth.
You have supernaturally acute eyesight. (SInv)
You are carnivorous and can eat meat at any time.
You cover ground quickly.
You are covered in fur. (AC +1)
You have a slow metabolism.
Your sharp claws are effective at attacking unaware monsters.


Message History

There is an open door here.
You open the door.
A quokka and an ufetubus come into view.
The ufetubus shouts!
The quokka barely misses you.
There is an open door here.
You scratch the quokka. You bite the quokka, but do no damage.
The quokka is moderately wounded.
The ufetubus completely misses you. The ufetubus closely misses you.
The quokka bites you.
You scratch the ufetubus but do no damage.
The ufetubus completely misses you. The ufetubus closely misses you.
The ufetubus hits you.
* * * LOW HITPOINT WARNING * * *
The ufetubus completely misses you.
You closely miss the ufetubus. The ufetubus closely misses you.
The ufetubus hits you.
Ouch! That really hurt!
You die...
Fedhas appreciates your contribution to the ecosystem.

#_______...###########++
##########'##...........
#.?(.')))'.##......#..#
##########.##..........
#...........'...........
#+#####'#####......#..#.
#..['.##...........
#...#.#####'#####+
#####@##.......#
+...#5##.......#
+...'r##.......#
########...<...#
#.......# #.......#
#.......# #########


You could see an ufetubus and a quokka.

Vanquished Creatures
  An orc (D)
  A frilled lizard (D)
  A kobold (D)
3 creatures vanquished.

Notes
Turn   | Place    | Note
-------+----------+-------------------------------------------
     0 | D        | schets the Felid Monk began the quest for the Orb.
     0 | D        | Reached XP level 1. HP: 10/10 MP: 2/2
    15 | D        | Found a bloodstained altar of Trog.
    15 | D        | Found a shimmering blue altar of Sif Muna.
    15 | D        | Found a viscous altar of Jiyva.
    15 | D        | Found a hazy altar of Hepliaklqana.
    15 | D        | Found an opulent altar of Gozag.
    16 | D        | Found a glowing golden altar of the Shining One.
    16 | D        | Found a glowing silver altar of Zin.
    16 | D        | Found a basalt altar of Yredelemnul.
    16 | D        | Found a shimmering altar of Xom.
    16 | D        | Found an ornate altar of the Wu Jian Council.
    16 | D        | Found a sacrificial altar of Ru.
    16 | D        | Found a stormy altar of Qazlal.
    16 | D        | Found an iron altar of Okawaru.
    16 | D        | Found a sparkling altar of Nemelex Xobeh.
    16 | D        | Found a burning altar of Makhleb.
    16 | D        | Found a blossoming altar of Fedhas.
    16 | D        | Found a white marble altar of Elyvilon.
    16 | D        | Found a shadowy altar of Dithmenos.
    16 | D        | Found a snail-covered altar of Cheibriados.
    18 | D        | Found a radiant altar of Vehumet.
    18 | D        | Found a corrupted altar of Lugonu.
    18 | D        | Found a roughly hewn altar of Beogh.
    19 | D        | Found an ancient bone altar of Kikubaaqudgha.
    19 | D        | Found a hide-covered altar of Uskayaw.
    19 | D        | Found a shattered altar of Ashenzari.
    22 | D        | Became a worshipper of Fedhas Madash
    22 | D        | Reached * piety under Fedhas
    22 | D        | Reached ** piety under Fedhas
    68 | D        | Reached skill level 1 in Invocations
    86 | D        | Slain by an ufetubus

Levels and vault maps discovered:
D:        pitsprint [storerooms_1, entrance_room_1, metal_vault_4, armoury_2,
          mini_pit_1, grid_room_1, main_hall_1, silver_pit, the_coven_1,
          the_vestibule_1, steel_vault_3, golden_pit, hallway_of_sentries,
          crystal_vault_1, iron_vault_1, final_vault]

Skill      XL: |  1 |
---------------+----+-----
Stealth        | 3 |  3.2
Invocations    | 1 |  1.1
Fighting       | |  3.3
Dodging        | |  4.3
Unarmed Combat | |  3.2

Action                   || total
-------------------------++-------
Melee: Unarmed           ||     6
       Bite              ||     1
 Stab: Sleeping          ||     2
Dodge: Dodged            ||     7

Table legend:
 A = Non-vault XP
 B = Vault XP
 C = Vault XP percentage of total XP
 D = Non-vault monster count
 E = Vault monster count
 F = Vault count percentage of total count
                 A         B        C        D         E       F
            +---------+---------+-------+---------+---------+-------
      Total |       0 |       5 | 100.0 |       0 |       3 | 100.0
            +---------+---------+-------+---------+---------+-------
          D |       0 |       5 | 100.0 |       0 |       3 | 100.0
            +---------+---------+-------+---------+---------+-------
